Map: Prion Terraces

Players

FWPartinG (PartinG)

  • Race: Protoss Protoss
  • League: Master

万能虚空王 (XiGua) - Winner!

  • Race: Zerg Zerg
  • League: Master

Event: NationWars III

VOD

Have the link to the VOD?

Description

Time

  • Played on: Jan. 2, 2016, 10:54 a.m.
  • Length: 9:43
Show
View Real Time Build Order
Export as new Build Order

FWPartinG Protoss 

Build Orders: Nexus First 

Get SALT Encoding   

  12  0:01  Probe (Chrono Boost)  
  13  0:11  Probe (Chrono Boost)  
  14  0:19  Pylon  
  14  0:22  Probe (Chrono Boost)  
  15  0:37  Probe (Chrono Boost)  
  16  0:48  Probe (Chrono Boost)  
  17  1:02  Nexus  
  17  1:07  Gateway  
  17  1:10  Probe (Chrono Boost)  
  18  1:16  Assimilator  
  18  1:21  Probe (Chrono Boost)  
  19  1:32  Probe (Chrono Boost), Assimilator  
  20  1:42  Probe (Chrono Boost)  
  20  1:44  Gateway  
  21  1:53  Probe (Chrono Boost)  
  22  1:55  Cybernetics Core  
  22  2:03  Probe (Chrono Boost)  
  23  2:14  Probe x2 (Chrono Boost)  
  25  2:24  Probe (Chrono Boost)  
  25  2:25  Probe (Chrono Boost)  
  27  2:31  Stalker (Chrono Boost)  
  27  2:32  Adept (Chrono Boost), Warp Gate  
  27  2:35  Probe  
  27  2:36  Probe  
  33  2:43  Pylon  
  33  2:48  Probe x2 (Chrono Boost)  
  35  2:58  Probe (Chrono Boost)  
  35  2:59  Probe (Chrono Boost)  
  35  3:02  Pylon  
  37  3:08  Adept x2  
  37  3:10  Probe (Chrono Boost)  
  37  3:11  Probe (Chrono Boost)  
  43  3:22  Forge  
  43  3:23  Mothership Core (Chrono Boost)  
  43  3:24  Probe (Chrono Boost)  
  46  3:35  Probe (Chrono Boost)  
  47  3:42  Probe (Chrono Boost)  
  47  3:45  Probe (Chrono Boost)  
  49  3:49  Nexus  
  49  3:54  Pylon  
  49  3:55  Probe (Chrono Boost)  
  50  3:56  Probe (Chrono Boost)  
  50  4:01  Pylon  
  51  4:04  Pylon  
  51  4:07  Probe x2 (Chrono Boost)  
  51  4:08  Protoss Ground Weapons Level 1 (Chrono Boost)  
  53  4:16  Twilight Council  
  53  4:18  Probe (Chrono Boost)  
  53  4:19  Probe (Chrono Boost)  
  55  4:26  Robotics Facility  
  55  4:27  Probe (Chrono Boost)  
  55  4:30  Probe  
  57  4:33  Assimilator  
  57  4:37  Assimilator  
  57  4:40  Sentry x2, Probe  
  57  4:42  Probe  
  57  4:44  Pylon  
  57  4:45  Pylon  
  63  4:50  Probe, Photon Cannon  
  64  4:54  Probe  
  64  4:59  Resonating Glaives (Chrono Boost)  
  65  5:00  Probe  
  65  5:02  Probe  
  65  5:04  Sentry x2  
  65  5:06  Probe  
  72  5:10  Probe  
  73  5:16  Photon Cannon  
  73  5:18  Photon Cannon  
  73  5:19  Pylon  
  75  5:23  Immortal (Chrono Boost)  
  77  5:29  Photon Cannon  
  77  5:33  Pylon  
  77  5:35  Stalker x2  
  77  5:41  Pylon  
  79  5:50  Photon Cannon  
  79  5:53  Photon Cannon  
  79  5:54  Photon Cannon  
  79  5:56  Stalker  
  81  5:57  Photon Cannon  
  81  6:10  Stalker, Immortal (Chrono Boost)  
  87  6:17  Stalker  
  84  6:29  Robotics Bay  
  84  6:32  Gateway  
  80  6:36  Sentry, Gateway  
  80  6:37  Stalker  
  80  6:38  Gateway  
  82  6:44  Blink  
  80  6:56  Warp Prism (Chrono Boost)  
  80  6:59  Adept  
  84  7:02  Pylon  
  84  7:04  Pylon  
  84  7:07  Pylon  
  84  7:08  Pylon  
  84  7:18  Gateway  
  84  7:19  Gateway  
  84  7:23  Mothership Core  
  84  7:27  Gateway, Disruptor (Chrono Boost)  
  89  7:32  Pylon  
  89  7:37  Sentry x2  
  89  7:43  Nexus  
  93  7:46  Pylon  
  93  7:56  Adept x3  
  97  8:11  Disruptor (Chrono Boost)  
  85  8:22  Stalker x5  
  95  8:28  Stalker x3  
  101  8:40  Pylon  
  101  8:42  Pylon  
  101  8:47  Disruptor (Chrono Boost)  
  104  8:59  Nexus  
  104  9:03  Pylon  
  88  9:19  Stalker x4  
  60  9:33  Stalker x4  
Show
View Real Time Build Order
Export as new Build Order

万能虚空王 Zerg - Winner!

Build Orders: 3 Hatch before Pool 

Get SALT Encoding   

  12  0:00  Drone  
  13  0:08  Drone  
  14  0:17  Overlord  
  14  0:25  Drone, Extractor  
  15  0:35  Drone  
  15  0:36  Drone  
  17  0:45  Drone  
  18  1:00  Hatchery, Drone  
  18  1:06  Drone  
  19  1:12  Extractor  
  18  1:19  Drone  
  20  1:34  Hatchery  
  20  1:35  Drone  
  20  1:45  Spawning Pool  
  19  1:48  Extractor  
  19  1:49  Drone  
  19  1:52  Drone  
  20  2:00  Drone  
  21  2:11  Drone  
  21  2:14  Drone  
  23  2:20  Overlord  
  23  2:23  Drone  
  24  2:32  Queen  
  24  2:33  Queen  
  28  2:40  Drone x2  
  28  2:44  Overlord  
  30  2:50  Queen  
  32  2:56  Metabolic Boost  
  33  2:58  Zergling x4  
  33  3:01  Zergling x2  
  33  3:04  Zergling x2  
  36  3:06  Drone  
  36  3:08  Drone  
  36  3:10  Drone x2  
  40  3:14  Overlord  
  40  3:18  Drone  
  41  3:21  Overlord  
  41  3:26  Drone  
  42  3:30  Drone  
  42  3:32  Queen  
  44  3:34  Drone  
  44  3:36  Drone  
  44  3:40  Drone  
  47  3:45  Extractor  
  47  3:48  Drone x2  
  48  3:49  Drone x5  
  48  3:52  Overlord  
  53  3:57  Roach Warren, Extractor  
  51  4:12  Drone, Overlord x2  
  51  4:27  Overlord x2  
  51  4:29  Drone x3  
  54  4:39  Roach x6  
  54  4:41  Overlord  
  66  4:47  Roach x5  
  76  4:53  Roach x2, Zergling x2  
  76  4:56  Zergling x6  
  76  4:58  Zergling x4  
  86  5:02  Zergling x2  
  86  5:07  Zergling x2  
  87  5:09  Zergling x2  
  87  5:12  Zergling x2  
  89  5:15  Zergling x2  
  89  5:16  Zergling x4  
  89  5:17  Ravager x2  
  89  5:18  Ravager  
  89  5:19  Zergling x4  
  97  5:23  Zergling x2  
  97  5:25  Hatchery  
  97  5:26  Ravager  
  97  5:27  Ravager  
  99  5:29  Zergling x2  
  99  5:30  Zergling x10  
  99  5:32  Roach  
  99  5:34  Zergling x4  
  106  5:36  Ravager  
  106  5:39  Zergling x2  
  106  5:45  Zergling x6  
  106  5:48  Zergling x4  
  106  5:49  Roach  
  109  5:50  Ravager  
  109  5:52  Ravager  
  110  5:57  Zergling x8  
  107  6:06  Zergling x2  
  107  6:07  Zergling x10  
  107  6:11  Zergling x2  
  103  6:16  Zergling x2  
  102  6:19  Zergling x2  
  102  6:20  Lair  
  102  6:25  Zergling x16  
  108  6:27  Evolution Chamber, Ravager  
  108  6:28  Zergling x6  
  107  6:34  Zergling x4  
  107  6:39  Queen  
  108  6:45  Drone  
  108  6:46  Drone x3  
  109  6:48  Drone  
  109  6:51  Drone, Extractor  
  107  6:55  Zergling x8  
  107  6:57  Zergling x2  
  112  7:03  Spine Crawler  
  112  7:04  Spine Crawler  
  112  7:06  Spine Crawler  
  112  7:07  Zergling x8  
  112  7:10  Overlord  
  112  7:12  Zerg Missile Weapons Level 1, Drone x6  
  118  7:16  Drone  
  118  7:17  Drone  
  120  7:26  Overlord x2  
  120  7:27  Pneumatized Carapace  
  120  7:28  Overlord, Glial Reconstitution  
  120  7:32  Overlord, Spire, Extractor  
  120  7:33  Overlord, Extractor  
  120  7:34  Overlord  
  117  7:37  Overlord  
  117  7:40  Zergling x4  
  117  7:42  Zergling x4  
  121  7:49  Drone x5  
  121  7:50  Zergling x2  
  127  7:54  Zergling x6  
  127  7:55  Zergling x2  
  129  8:02  Drone, Zergling x2  
  129  8:03  Zergling x4  
  129  8:04  Zergling x4  
  127  8:07  Zergling x10  
  127  8:11  Zergling x6  
  130  8:17  Zergling x10  
  128  8:30  Drone x2  
  128  8:33  Zergling x6  
  133  8:45  Hatchery  
  132  8:50  Mutalisk  
  132  8:51  Mutalisk x4  
  132  8:54  Mutalisk x2  
  146  8:57  Mutalisk  
  146  9:00  Mutalisk  
  149  9:05  Mutalisk  
  149  9:08  Zergling x8  
  155  9:14  Mutalisk  
  155  9:15  Mutalisk  
  155  9:16  Zergling x2  
  155  9:17  Zergling x4  
Tags
 
Add a new tag
Caveats
  • Supply blocks, unpowered buildings, or Contaminate may cause inaccurate times.
  • Supply counts are checked every 10 seconds.